 Dungeon Crawl Stone Soup version 0.24-a0-201-gf205589 (webtiles) character file.

Game seed: 15025710980228724366

1145 Ivan the Basher (level 8, -5/70 HPs)
             Began as a Minotaur Abyssal Knight on Mar 24, 2019.
             Was a Priest of Lugonu.
             Killed by divine providence
             ... invoked by an orc priest
              (14 damage)
             ... on level 6 of the Dungeon.
             The game lasted 00:14:36 (4308 turns).

Ivan the Basher (Minotaur Abyssal Knight)           Turns: 4308, Time: 00:14:36

Health: -5/70      AC: 10    Str: 18    XL:     8   Next: 15%
Magic:  8/8        EV:  6    Int:  9    God:    Lugonu [***...]
Gold:   270        SH:  8    Dex: 11    Spells: 7/7 levels left

rFire    + + .     SeeInvis .   a - +1 mace
rCold    x . .     Gourm    .   w - +0 shield (curse)
rNeg     . . .     Faith    .   k - +0 chain mail
rPois    .         Spirit   .   (helmet restricted)
rElec    .         Reflect  .   (no cloak)
rCorr    .         Harm     .   (no gloves)
MR       .....                  (no boots)
Stlth    ..........             (no amulet)
HPRegen  0.21/turn              x - ring of fire
MPRegen  0.11/turn              e - ring of protection from fire

@: no status effects
A: retaliatory headbutt, horns 2
a: Depart the Abyss, Bend Space, Banish, Renounce Religion


You were on level 6 of the Dungeon.
You worshipped Lugonu.
Lugonu was most pleased with you.
You were near starving.

You visited 1 branch of the dungeon, and saw 6 of its levels.
You visited the Abyss 1 time.

You collected 270 gold pieces.

Inventory:

Hand Weapons
 a - a +1 mace (weapon)
Armour
 k - a +0 chain mail (worn)
 w - a cursed +0 shield (worn)
Jewellery
 d - an uncursed ring of wizardry
 e - a ring of protection from fire (right hand)
 x - a ring of fire (left hand)
Wands
 o - a wand of acid (12)
 v - a wand of enslavement (5)
Scrolls
 b - a scroll of enchant weapon
 f - a scroll of teleportation {unknown}
 j - 6 scrolls of amnesia
 l - 3 scrolls of random uselessness
 n - 2 scrolls of magic mapping
 p - 4 scrolls of enchant armour {unknown}
 t - 2 scrolls of remove curse {unknown}
Potions
 g - 3 potions of heal wounds
 h - 3 potions of cancellation
 i - 3 potions of curing
 m - a potion of lignification {unknown}
 q - 4 potions of brilliance
 r - 3 potions of haste
 s - a potion of flight {unknown}
 u - a potion of ambrosia {unknown}
Comestibles
 c - 7 rations


   Skills:
 + Level 6.2 Fighting
 + Level 8.2 Maces & Flails
 + Level 5.7 Armour
 + Level 2.9 Dodging
 + Level 0.7 Stealth
 + Level 2.2 Shields
 + Level 1.8 Invocations


You had 7 spell levels left.
You didn't know any spells.
Your spell library was empty.

Dungeon Overview and Level Annotations

Branches:
Dungeon (6/15)             Temple (0/1) D:6

Altars:
Ashenzari
Elyvilon
Fedhas
Trog
Uskayaw

Annotations:
D:5 2 transporters, ShrewdGherkins's ghost, novice GnWz


Innate Abilities, Weirdness & Mutations

You reflexively headbutt those who attack you in melee.
You have a pair of horns on your head.


Message History

The orc shouts!
An orc priest comes into view.
An orc wizard comes into view. It is wielding a +0 dagger.
A shadow imp comes into view.
The shadow imp shouts!
The orc priest hits you but does no damage.
The orc wizard gestures wildly while chanting.
The orc wizard seems to speed up.
You hit the orc priest.
You headbutt the orc priest, but do no damage.
The orc priest is lightly wounded.
The orc priest calls down the wrath of Beogh upon you.
Beogh smites you!
* * * LOW HITPOINT WARNING * * *
The orc priest invokes the aid of Beogh against you.
Beogh smites you!
* * * LOW HITPOINT WARNING * * *
The orc priest invokes the aid of Beogh against you.
Beogh smites you!
You die... #### ...# .... ##.# 5.. #.# #. oo#

#.# #. ..# ##.#
#..##o. ##.# #..#o.
##.# #..#o# ##.#
#...@# ##.# #....#
.. ##.# #.##)####.#
##.# #..#?#....#
##.# #.._..# ##.#
##########.#.# ##.#
#...)........#
##.####.....(.....##
.............##.#.#


You could see 2 orc priests, an orc wizard, a shadow imp and 2 orcs.

Vanquished Creatures
  Sigmund (D:2)
  2 ogres
  A phantom (D:5)
  3 crimson imps
  2 bullfrog zombies
  A centaur zombie (D:5)
  A jelly (D:6)
  An orc priest (D:6)
  A bullfrog skeleton (D:5)
  2 hounds (D:5)
  2 orc wizards (D:4)
  A centaur skeleton (D:5)
  An iguana (D:5)
  Terence (D:2)
  3 worker ants
  7 adders
  2 shadow imps (D:5)
  An ooze (D:3)
  2 worms
  A dart slug (D:1)
  3 leopard geckos
  9 orcs
  6 giant cockroaches
  10 goblins
  3 hobgoblins
  9 kobolds
  5 quokkas
  10 bats
  A frilled lizard (D:2)
  A leopard gecko skeleton (D:4)
  7 rats
100 creatures vanquished.

Notes
Turn   | Place    | Note
-------+----------+-------------------------------------------
     0 | Abyss:1  | Ivan the Minotaur Abyssal Knight began the quest for the
                  | Orb.
     0 | Abyss:1  | Reached XP level 1. HP: 19/19 MP: 1/1
    27 | Abyss:1  | Noticed an eye of draining
    28 | D:1      | Escaped the Abyss
    96 | D:1      | Reached XP level 2. HP: 23/27 MP: 2/2
   257 | D:1      | Reached * piety under Lugonu
   681 | D:2      | Reached skill level 3 in Maces & Flails
   681 | D:2      | Reached XP level 3. HP: 32/34 MP: 3/3
   689 | D:2      | Found a shattered altar of Ashenzari.
   717 | D:2      | Noticed Terence
   752 | D:2      | Noticed a +0 dagger
   753 | D:2      | Noticed a +0 hand axe
   756 | D:2      | Found a hide-covered altar of Uskayaw.
   771 | D:2      | Found a bloodstained altar of Trog.
   837 | D:2      | Killed Terence
  1116 | D:2      | Noticed Sigmund
  1136 | D:2      | Killed Sigmund
  1136 | D:2      | Reached skill level 5 in Fighting
  1136 | D:2      | Reached skill level 4 in Maces & Flails
  1136 | D:2      | Reached XP level 4. HP: 13/42 MP: 4/4
  1136 | D:2      | Reached XP level 5. HP: 15/48 MP: 5/5
  1575 | D:3      | Reached skill level 5 in Maces & Flails
  1598 | D:3      | Found a blossoming altar of Fedhas.
  1766 | D:3      | Reached ** piety under Lugonu
  1805 | D:3      | Reached XP level 6. HP: 51/56 MP: 6/6
  2976 | D:5      | Entered Level 5 of the Dungeon
  2987 | D:5      | Reached skill level 6 in Maces & Flails
  3196 | D:5      | Reached XP level 7. HP: 44/62 MP: 7/7
  3318 | D:5      | Reached skill level 7 in Maces & Flails
  3378 | D:5      | Reached skill level 5 in Armour
  3463 | D:5      | Noticed ShrewdGherkins's ghost (novice GnWz)
  3468 | D:5      | Found a transporter.
  3470 | D:5      | Found a transporter.
  3506 | D:5      | Reached skill level 1 in Shields
  3865 | D:6      | Reached skill level 8 in Maces & Flails
  3865 | D:6      | Reached XP level 8. HP: 31/70 MP: 8/8
  3960 | D:6      | Reached *** piety under Lugonu
  4287 | D:6      | Found a white marble altar of Elyvilon.
  4288 | D:6      | Found a staircase to the Ecumenical Temple.
  4308 | D:6      | Killed from afar by an orc priest

Levels and vault maps discovered:
D:1:      dpeg_arrival_shelter, layout_basic, hangedman_decor_push,
          roderic_serpentine_path, minmay_tromino_v4_a
D:2:      layout_basic, nicolae_ashenzari_panopticon, dancing_weapons_uskayaw,
          bloody_trog, uniq_terence, uniq_sigmund
D:3:      layout_loops_ring, fedhas_ov_isle_minmay
D:4:      layout_basic, first_ration
D:5:      layout_loops_ring, gammafunk_ghost_hive, corner_web_ring
D:6:      layout_loops_ring, lemuel_crystal_altar, lemuel_round_altar,
          minmay_temple_entry_junction
Abyss:1

Skill      XL: |  1  2  3  4  5  6  7  8 |
---------------+-------------------------+-----
Fighting       | 4 5 6 |  6.2
Maces & Flails | 3 4 5 6 8 |  8.2
Armour         | 3 4 5 |  5.7
Dodging        | 2 |  2.9
Shields        | 1 2 |  2.2
Stealth        | |  0.7
Invocations    | |  1.8

Action                   |  1- 3 |  4- 6 |  7- 9 || total
-------------------------+-------+-------+-------++-------
Melee: Mace              |    88 |   117 |   109 ||   314
       Headbutt          |    13 |    20 |    24 ||    57
Invok: Depart the Abyss  |     1 |       |       ||     1
  Use: Potion            |     3 |       |     2 ||     5
       Scroll            |       |     6 |       ||     6
  Eat: Ration            |       |     1 |       ||     1
       Chunk             |       |     4 |     2 ||     6
Armor: Leather armour    |     4 |       |       ||     4
       Chain mail        |    25 |    46 |    48 ||   119
Dodge: Dodged            |    59 |    43 |    23 ||   125
Block: Shield            |       |     3 |    38 ||    41

Table legend:
 A = Non-vault XP
 B = Vault XP
 C = Vault XP percentage of total XP
 D = Non-vault monster count
 E = Vault monster count
 F = Vault count percentage of total count
                 A         B        C        D         E       F
            +---------+---------+-------+---------+---------+-------
      Total |    1374 |     263 |  16.1 |      96 |       4 |   4.0
            +---------+---------+-------+---------+---------+-------
        D:1 |      30 |       4 |  11.8 |      19 |       2 |   9.5
        D:2 |      38 |     259 |  87.2 |      14 |       2 |  12.5
        D:3 |      61 |       0 |   0.0 |      22 |       0 |   0.0
        D:4 |     167 |       0 |   0.0 |      12 |       0 |   0.0
        D:5 |     729 |       0 |   0.0 |      19 |       0 |   0.0
        D:6 |     349 |       0 |   0.0 |      10 |       0 |   0.0
            +---------+---------+-------+---------+---------+-------
